lasnbdklsndb, neutral female scurrid Tourist ----------- ..........| |.........| ..........| |......)..| |._..@....| ----------- lasnbdklsndb the Rambler Experience level: 1 Strength: 12 Dexterity: 11 Constitution: 13 Intelligence: 12 Wisdom: 9 Charisma: 18 Health: 0(13) Energy: 2(2) Def: 0 Gold: 113 Moves: 79 Dungeon seed: zDXOif_H45I0dKFC Game ID: lasnbdklsndb_1528521722 Your Inventory: Coins $ - 113 gold pieces Weapons a - 34 uncursed +2 darts (in quiver) Armor e - an uncursed +0 Hawaiian shirt (being worn) Comestibles b - 3 uncursed tripe rations c - an uncursed cram ration d - 2 uncursed tins of goblin meat f - an uncursed pear g - an uncursed cream pie h - an uncursed food ration i - an uncursed chestnut j - an uncursed egg Scrolls m - 4 uncursed scrolls of magic mapping s - a cursed scroll of genocide Potions k - an uncursed potion of extra healing Wands p - an uncursed wand of secret door detection (0:14) Tools n - an uncursed expensive camera (0:83) o - an uncursed credit card q - an uncursed leash Spells and supernatural/magical abilities: Name Level Category Fail Memory W - pray for help -- divine ? -- Your skills at the end: Miscellaneous Skills wands [Basic] Weapon Skills dart [Basic] Spellcasting Skills Final Attributes: You were devoutly aligned. Your writing paw was ok. You had infravision. You were very stealthy. You are dead. Vanquished creatures: 2 jackals a newt a sewer rat 4 creatures vanquished. Genocided species: doppelgangers nurses soldiers sergeants lieutenants captains watchmen watch captains tourists 9 species genocided. Voluntary challenges: You went without food. You did not adorn yourself with jewelry or accessories. You did not cause conflict. You were not invisible. You did not have reflection. You were not displaced. You were an atheist. You never hit with a wielded weapon. You did not use tools. You did not use plumbed fixtures. You read items or engraved 2 times, starting on turn 41. You genocided 9 types of monsters, starting on turn 79. You never polymorphed an object. You never changed form. You used no wishes. You never split a pudding. You wrote Elbereth's name 1 time, starting on turn 41. You never violated your personal moral code. Dungeon overview: The Dungeons of Doom: levels 1 to 11 Level 1 a long staircase Level 2 Level 3 Level 4 Level 5 Level 6 a fountain Level 7 Level 8 Level 9 Level 10 Level 11 <- You were here an altar to The Lady History has recorded: On T:1 you entered the Dungeons of Doom to retrieve the Amulet of Yendor! On T:7 you reached level 2 of The Dungeons of Doom. On T:14 you reached level 3 of The Dungeons of Doom. On T:20 you reached level 4 of The Dungeons of Doom. On T:26 you reached level 5 of The Dungeons of Doom. On T:32 you reached level 6 of The Dungeons of Doom. On T:38 you reached level 7 of The Dungeons of Doom. On T:49 you reached level 8 of The Dungeons of Doom. On T:55 you reached level 9 of The Dungeons of Doom. On T:61 you reached level 10 of The Dungeons of Doom. On T:76 you reached level 11 of The Dungeons of Doom. Score breakdown: Gold: 0 ( 0 points) Experience: 1 level ( 0 points) Exploration: 11 levels ( 300 points) Discoveries: 1 item ( 50 points) Variety of kills: 3 monsters ( 150 points) Major goal: (nothing yet) ( 0 points) Survival: died (score multiplied by 3) Total score: 1500 Latest messages: Wiped out all lieutenants. Wiped out all captains. Wiped out all watchmen. Wiped out all watch captains. You aren't permitted to genocide Medusa. You aren't permitted to genocide the Wizard of Yendor. You aren't permitted to genocide Croesus. You aren't permitted to genocide archeologists. You aren't permitted to genocide barbarians. You aren't permitted to genocide cavemen. You aren't permitted to genocide cavewomen. You aren't permitted to genocide healers. You aren't permitted to genocide knights. You aren't permitted to genocide monks. You aren't permitted to genocide priests. You aren't permitted to genocide priestesses. You aren't permitted to genocide rangers. You aren't permitted to genocide rogues. You aren't permitted to genocide samurai. Wiped out all tourists. You die. Final status: Aloha lasnbdklsndb the Tourist, wiped out by a blessed scroll of genocide... You were wiped out in The Dungeons of Doom on dungeon level 11 with 1500 points, and 113 pieces of gold, after 79 moves. You were level 1 with a maximum of 13 hit points when you were wiped out.